AoeStats
← john f kennedy

Black Forest

505744224Analyzed
3v3 RM · 23d ago on Sep 10, 2026· 48m 30s· 6 players
Game mode
Random Map
Map size
Normal (6 player)
Population
200
Speed
Normal
Resources
Standard
Victory
Conquest
Starting age
Dark Age
Ending age
Imperial Age
RankedLock teamsTeams togetherTeam positionsShared explorationLock speedFull tech treeHidden civsTurbo modeCheats
Victory
Defeat
🇬🇧 Gurjaras · United Kingdom
948
+14
🇬🇧 Khmer · United Kingdom
915
+15
🇨🇴 Lithuanians · Colombia
898
+16
🇩🇰 Celts · Denmark
916
-16
🇩🇰 Spanish · Denmark
901
-15
🇩🇰 Persians · Denmark
873
-14
Mistydeath
1:59 Loom
11:48 Feudal Age
13:06 Wheelbarrow
12:14 Horse Collar
12:22 Double-Bit Axe
18:01 Castle Age
17:29 Stone Mining
17:30 Gold Mining
19:32 Hand Cart
19:29 Bow Saw
19:35 Heavy Plow
22:49 Caravan
30:24 Imperial Age
28:34 Bloodlines
28:25 Husbandry
28:32 Pikeman
30:10 Scale Barding Armor
30:16 Forging
31:20 Gold Shaft Mining
31:21 Stone Shaft Mining
30:20 Light Cavalry
31:22 Chain Barding Armor
31:19 Tusk Swords
32:19 Conscription
33:40 Crop Rotation
32:35 Elite Battle Elephant
34:31 Plate Barding Armor
34:32 Iron Casting
34:22 Heavy Scorpion
36:03 Ballistics
36:46 Chemistry
35:52 Siege Engineers
38:14 Capped Ram
39:35 Double Crossbow
42:03 Padded Archer Armor
41:55 Fletching
43:05 Blast Furnace
41:55 Siege Ram
45:18 Hussar
47:20 Bodkin Arrow
47:41 Leather Archer Armor
anthonyxyzzz
1:44 Loom
14:35 Feudal Age
16:09 Double-Bit Axe
16:11 Town Watch
20:02 Wheelbarrow
23:20 Castle Age
25:09 Stone Mining
31:33 Fishing Lines
32:10 Fletching
32:39 Bow Saw
35:07 Bodkin Arrow
38:41 Padded Archer Armor
39:25 Gillnets
43:43 Imperial Age
41:32 Hand Cart
41:34 Leather Archer Armor
41:29 Scale Mail Armor
41:42 Forging
42:49 Chain Mail Armor
44:40 Iron Casting
44:28 Ballistics
44:04 Murder Holes
44:20 Masonry
44:25 Caravan
44:44 Elite Chakram Thrower
46:49 Kshatriyas
47:07 Conscription
47:47 Plate Mail Armor
47:17 Bracer
CARLOS5DN
4:08 Loom
14:14 Feudal Age
14:58 Double-Bit Axe
22:32 Castle Age
21:10 Horse Collar
21:48 Gold Mining
22:21 Forging
23:02 Fishing Lines
24:04 Bow Saw
24:06 Fletching
28:53 Iron Casting
30:01 Scale Mail Armor
33:23 Town Watch
35:18 Hill Forts
40:46 Imperial Age
38:56 Wheelbarrow
38:25 Town Patrol
41:14 Husbandry
41:24 Bloodlines
42:54 Chain Mail Armor
43:01 Elite Leitis
43:44 Tower Shields
43:07 Elite Skirmisher
43:53 Thumb Ring
44:51 Chemistry
44:11 Ballistics
43:33 Treadmill Crane
44:22 Stone Mining
49:08 Wheelbarrow
48:34 Murder Holes
48:49 Masonry
48:54 Clinker Construction
john f kennedy
20:19 Feudal Age
20:41 Loom
27:11 Castle Age
27:58 Horse Collar
30:01 Heavy Plow
34:47 Forging
34:43 Scale Barding Armor
36:51 Double-Bit Axe
36:58 Gold Mining
37:01 Stone Mining
38:50 Iron Casting
38:36 Chain Barding Armor
43:18 Imperial Age
42:09 Kamandaran
45:02 Blast Furnace
44:23 Chain Barding Armor
45:27 Stone Shaft Mining
45:33 Gold Shaft Mining
48:01 Plate Barding Armor
Ludi
12:32 Feudal Age
13:24 Double-Bit Axe
13:56 Horse Collar
14:29 Loom
17:30 Wheelbarrow
23:19 Castle Age
25:16 Heavy Plow
25:30 Bow Saw
26:01 Stronghold
29:18 Hand Cart
33:45 Imperial Age
33:31 Caravan
37:08 Murder Holes
37:23 Masonry
37:17 Heavy Scorpion
39:06 Siege Engineers
40:06 Chemistry
Krogx
5:41 Loom
12:26 Feudal Age
12:57 Double-Bit Axe
12:56 Horse Collar
15:04 Wheelbarrow
19:40 Castle Age
19:16 Bloodlines
21:09 Bow Saw
21:08 Husbandry
22:38 Gold Mining
22:42 Stone Mining
23:52 Heavy Plow
25:50 Scale Barding Armor
29:10 Hand Cart
30:34 Stone Shaft Mining
31:49 Chain Barding Armor
31:19 Fletching
31:31 Scale Mail Armor
31:24 Fletching
36:18 Imperial Age
34:42 Ballistics
34:52 Caravan
36:37 Coinage
36:34 Bodkin Arrow
36:54 Chain Mail Armor
37:04 Cavalier
38:15 Conscription
39:07 Banking
40:55 Chemistry
41:48 Elite Conquistador
Connection lost

Rejoining the realm…

Still unreachable

The connection could not be restored.

Session expired

The server has moved on; the page needs a fresh start.